 Dungeon Crawl Stone Soup version 0.19-a0-1851-g3228ea0 (webtiles) character file.

290372 Amnesiac the Imperceptible (level 21, -24/125 HPs)
             Began as a Vine Stalker Assassin on Oct 11, 2016.
             Was an Initiate of Gozag.
             Annihilated by an Ice Fiend (40 damage)
             ... on level 7 of Cocytus.
             The game lasted 01:51:03 (36066 turns).

Amnesiac the Imperceptible (Vine Stalker Assassin) Turns: 36066, Time: 01:51:04

Health: -24/125    AC: 22    Str: 21    XL:     21   Next: 13%
Magic:  0/43       EV: 25    Int: 11    God:    Gozag
Gold:   4331       SH: 12    Dex: 28    Spells: 8 memorised, 17 levels left

rFire  + . .     SeeInvis +     q - +9 quick blade
rCold  . . .     Gourm    .     X - +4 troll leather armour
rNeg   + . .     Faith    .     N - +2 buckler of Life {*Slow rPois MR+ Str+7}
rPois  +         Spirit   +     i - +2 helmet {SInv}
rElec  .         Dismiss  .     d - +2 cloak
rCorr  .         Reflect  +     F - +2 pair of gloves
MR     ++++.     Harm     .     G - +2 pair of boots {run}
Stlth  +++++++++.               a - amulet of Haevange {Reflect rN+ MR+ SH+3}
                                C - +1 ring of slaying
                                E - ring of magical power

@: repel missiles, quick
A: fangs 3, molten scales 1, agile 1, fire resistance 1, regeneration 2,
screaming 1, wild magic 1, magic shield, antimagic bite, no device heal 3, rot
immunity
a: Potion Petition, Call Merchant, Bribe Branch, Renounce Religion
}: 1/15 runes: icy


You were on level 7 of Cocytus.
You worshipped Gozag.
Gozag was most pleased with you.
You were not hungry.

You visited 8 branches of the dungeon, and saw 38 of its levels.
You visited 1 bazaar.

You collected 13721 gold pieces.
You spent 2094 gold pieces at shops.
You paid 7296 gold pieces to Gozag.

Inventory:

Hand Weapons
 p - a +1 demon blade of electrocution
 q - a +9 quick blade (weapon)
 M - a +8 blowgun
Missiles
 b - 11 javelins (quivered)
 e - 131 poisoned needles
 k - 11 curare-tipped needles
 o - 3 javelins of returning
 w - 20 poisoned javelins
 L - 4 javelins of penetration
 S - 4 needles of sleeping
 W - 5 needles of confusion
Armour
 d - a +2 cloak (worn)
 i - a +2 helmet of see invisible (worn)
 m - +0 ice dragon scales
 F - a +2 pair of gloves (worn)
 G - a +2 pair of boots of running (worn)
 N - the +2 buckler of Life (worn) {*Slow rPois MR+ Str+7}
   (You bought it in a shop on level 3 of the Elven Halls)

   It affects your strength (+7).
   It protects you from poison.
   It affects your resistance to hostile enchantments.
   It may slow you when you take damage.
 X - a +4 troll leather armour (worn)
Jewellery
 a - the amulet of Haevange (around neck) {Reflect rN+ MR+ SH+3}
   (You bought it in a shop on level 3 of the Elven Halls)

   [amulet of reflection]

   It shields you and reflects attacks.
   It protects you from negative energy.
   It affects your resistance to hostile enchantments.
   It affects your SH (+3).
 C - a +1 ring of slaying (right hand)
 E - a ring of magical power (left hand)
 H - a +1 ring of evasion
 J - an uncursed ring of poison resistance
 R - an uncursed ring of flight
 Z - an uncursed ring of fire
Wands
 f - a wand of teleportation (4/9)
 z - a wand of digging (8/24)
 V - a wand of disintegration (13/24)
Scrolls
 h - 13 scrolls of remove curse
 j - 5 scrolls of magic mapping
 l - 3 scrolls of fear
 r - a scroll of summoning
 v - 2 scrolls of recharging
 y - 6 scrolls of amnesia
 D - 5 scrolls of vulnerability
 Y - 6 scrolls of fog
Potions
 c - 6 potions of agility
 n - 10 potions of curing
 s - 2 potions of magic
 u - 4 potions of haste
 B - 4 potions of brilliance
 K - a potion of cure mutation
 O - 3 potions of ambrosia
 P - 2 potions of might
 T - 4 potions of resistance
 U - a potion of berserk rage
Comestibles
 g - 17 bread rations
 t - 3 meat rations
 Q - 9 fruits


   Skills:
 + Level 18.8 Fighting
 - Level 10.0 Short Blades
 - Level 4.0 Throwing
 - Level 12.6 Dodging
 - Level 23.0 Stealth
 - Level 4.3 Shields
 - Level 8.0 Spellcasting
 - Level 8.0 Conjurations
 - Level 5.0 Charms
 - Level 5.0 Summonings
 - Level 6.6 Translocations
 - Level 5.1 Air Magic


You had 17 spell levels left.
You knew the following spells:

 Your Spells              Type           Power        Failure   Level  Hunger
a - Repel Missiles        Chrm/Air       ###...       6%          2    #......
b - Blink                 Tloc           N/A          3%          2    #......
c - Swiftness             Chrm/Air       ###.....     6%          2    #......
d - Summon Butterflies    Summ           ###.....     3%          1    None
e - Dazzling Spray        Conj/Hex       ###...       17%         3    ###....
f - Call Canine Familiar  Summ           ###.....     14%         3    ###....
g - Mephitic Cloud        Conj/Pois/Air  ###.....     17%         3    ###....
s - Conjure Flame         Conj/Fire      ###.....     17%         3    ###....


Dungeon Overview and Level Annotations

Branches:
Dungeon (15/15)            Temple (1/1) D:6            Lair (6/6) D:10
  Swamp (0/4) Lair:2       Spider (0/4) Lair:2        Slime (0/5) Lair:5
    Orc (2/2) D:12            Elf (3/3) Orc:2        Vaults (0/5) D:14
 Depths (4/5) D:15           Hell (1/1)                 Dis (0/7) Hell
    Geh (0/7) Hell            Coc (7/7) Hell            Tar (0/7) Hell

Altars:
Ashenzari
Cheibriados
Dithmenos
Elyvilon
Fedhas
Gozag
Hepliaklqana
Kikubaaqudgha
Makhleb
Nemelex Xobeh
Okawaru
Qazlal
Ru
Sif Muna
Trog
Uskayaw
Vehumet
Xom
Yredelemnul
Zin
The Shining One
Beogh
Jiyva

Shops:
Orc:2 (*[=   Elf:3 [=?*   Lair:1 ((   Depths:3 =}}

Portals:
Hell: Depths:1 Depths:2 Depths:3 Depths:4
Abyss: Depths:3
Pandemonium: Depths:2 Depths:3
Ziggurat: Depths:1
Trove: Depths:4 (give 8 potions of agility)

Annotations:
D:12 benitares's ghost, journeyman FoFi
Depths:1 exclusion: orange crystal statue
Depths:4 3 runed doors
Coc:7 exclusion: 2 ice statues, Antaeus; Serpent of Hell


Innate Abilities, Weirdness & Mutations

You have razor-sharp teeth.
You heal very quickly.
When hurt, damage is shared between your health and your magic reserves.
Your bite disrupts and absorbs the magic of your enemies.
Potions and wands cannot restore your health.
You are immune to rotting.
You are partially covered in molten scales. (AC +2)
You are agile. (Dex +2)
Your flesh is heat resistant. (rF+)
You occasionally shout uncontrollably at your foes.
Your spells are a little harder to cast, but a little more powerful.


Message History

You drain its magic.
You feel invigorated.
The Ice Fiend is almost dead.
The Ice Fiend claws you! The Ice Fiend freezes you!! The Ice Fiend claws you!
* * * LOW HITPOINT WARNING * * *
The Ice Fiend freezes you!!
* * * LOW HITPOINT WARNING * * *
You puncture the Ice Fiend! Your bite misses the Ice Fiend.
The Ice Fiend is almost dead.
Unknown command.
You hit the Ice Fiend but do no damage.
You bite the Ice Fiend, but do no damage.
The Ice Fiend is almost dead.
Unknown command.
You barely miss the Ice Fiend. Your bite misses the Ice Fiend.
The Ice Fiend is almost dead.
The Ice Fiend claws you.
* * * LOW HITPOINT WARNING * * *
The Ice Fiend freezes you!!!
You die...
Your body crumbles into a pile of gold.

$ $ ### ##.... $ $ # ##
$ ## ##$$ $ $ ##. ###.$$
$ $ ####.. ......# $$
######..... .......##
##..........
........#####...........
......1@.............≈≈≈
≈≈≈≈≈≈.........≈≈≈≈≈≈≈≈≈
≈≈≈≈≈≈≈......≈≈≈≈≈≈≈≈≈≈≈
≈≈≈≈≈≈≈≈≈≈≈≈≈≈≈≈≈≈≈≈≈≈≈≈
≈≈≈≈≈≈≈≈≈≈≈≈≈≈≈≈≈≈≈≈≈≈≈≈
≈≈≈≈≈≈≈≈≈≈≈≈≈≈≈≈≈≈≈≈≈≈≈≈
#####################


You could see an Ice Fiend.

Vanquished Creatures
  A juggernaut (Depths:2)
  Geryon (Hell)
  A lich (Depths:3)
  Jorgrun (Depths:2)
  A tentacled monstrosity (Depths:2)
  A titan (Depths:2)
  3 Ice Fiends
  2 acid blobs (Lair:5)
  2 deep elf blademasters
  2 deep elf master archers (Elf:3)
  A shadow dragon (Hell)
  4 frost giants (Depths:2)
  A balrug (Hell)
  2 deep elf sorcerers
  2 angels (Depths:1)
  Aizul (Elf:3)
  3 deep elf elementalists (Elf:3)
  3 reapers
  2 war gargoyles (Hell)
  12 very ugly things
  18 stone giants
  3 deep elf demonologists (Elf:3)
  6 deep elf annihilators
  4 spark wasps
  Snorg (D:11)
  7 ettins
  Josephine (D:11)
  7 great orbs of eyes
  3 deep elf high priests
  A blizzard demon (Coc:2)
  4 deep elf death magi (Elf:3)
  3 fire dragons
  A kraken zombie (Hell)
  5 yaktaur captains
  Harold (D:10)
  Fannar (Lair:3)
  8 vault guards (D:14)
  Erolcha (D:9)
  10 ice dragons
  2 quicksilver dragon skeletons (Coc:7)
  6 rakshasas
  6 hydras
  A spriggan air mage (Depths:2)
  4 deep troll shamans
  6 centaur warriors
  3 hell hogs (Hell)
  2 death yaks (Lair:6)
  A hell hog (shapeshifter) (Elf:2)
  4 tengu warriors
  Urug (Lair:3)
  24 hell knights
  4 deep troll earth magi
  A soul eater (Hell)
  Sonja (D:11)
  18 deep elf knights
  2 sun demons
  An iron golem (Hell)
  3 spriggan berserkers (Depths:2)
  A salamander mystic (Depths:3)
  4 iron trolls
  Nergalle (Lair:2)
  10 skeletal warriors
  10 deep trolls
  The ghost of Nuatha the Covert, a novice VSAs of Gozag (D:9)
  An unseen horror (D:11)
  A golden dragon zombie (Hell)
  A storm dragon skeleton (Coc:7)
  2 glowing orange brains
  10 deep elf archers
  4 flayed ghosts
  2 orc knights
  A wizard (Depths:1)
  6 hill giants
  A golden dragon skeleton (Hell)
  An anaconda skeleton (Coc:7)
  Pikel (D:5)
  3 phantasmal warriors (Depths:3)
  48 deep elf magi
  6 necromancers
  A shining eye (shapeshifter) (Depths:4)
  A frost giant zombie (Coc:4)
  A salamander (shapeshifter) (D:15)
  10 cyclopes
  4 salamanders (Depths:3)
  2 fire giant skeletons
  5 manticores
  A shock serpent zombie (Hell)
  A guardian serpent (shapeshifter) (D:15)
  6 elephants (Lair:4)
  Joseph (D:9)
  19 ugly things
  2 stone giant skeletons (Coc:2)
  A torpor snail (Lair:6)
  3 black mambas
  2 smoke demons (Hell)
  6 rust devils
  12 spiny frogs
  3 gargoyles
  Psyche (D:11)
  A centaur skeleton (D:10)
  A spiny frog (shapeshifter) (Depths:2)
  4 yaktaurs
  An efreet (D:15)
  3 rime drakes
  3 tormentors
  A hellion (Hell)
  A demonic crawler (Depths:3)
  A redback zombie (D:13)
  A ghost moth simulacrum (Hell)
  12 ice devils
  10 freezing wraiths
  5 komodo dragons
  2 tengu conjurers
  3 red devils (Hell)
  8 trolls
  3 hydra zombies
  A jumping spider (Lair:2)
  3 meliai (D:15)
  31 slime creatures
  A meliai (shapeshifter) (Depths:1)
  4 hornets
  3 polar bears (Lair:6)
  4 two-headed ogres
  A harpy skeleton (Coc:7)
  4 queen bees (shapeshifter)
  Prince Ribbit (D:5)
  4 blink frogs (Lair:1)
  9 hippogriffs
  A meliai zombie (D:12)
  An alligator skeleton (Hell)
  A flying skull (Coc:2)
  2 redbacks
  12 water elementals
  13 spriggans
  4 air elementals
  11 wraiths
  A wyvern (D:12)
  3 shadows
  A basilisk (shapeshifter) (D:13)
  27 yaks
  10 fire elementals
  4 hogs (D:7)
  A human (D:7)
  3 hungry ghosts
  3 basilisks
  4 vampire mosquitoes (D:14)
  Menkaure (D:7)
  2 mottled dragons
  3 wargs
  2 spiny frog skeletons (Hell)
  5 spiny frog zombies
  Duvessa (D:4)
  3 hydra simulacra
  10 water moccasins
  6 hell hounds
  7 porcupines
  A floating eye (Depths:2)
  4 black bears
  3 ice beasts
  15 orc warriors
  2 sky beasts
  A snapping turtle zombie (Coc:2)
  An alligator simulacrum (Hell)
  A necrophage (Coc:3)
  10 boggarts
  16 centaurs
  4 slaves
  10 ogres
  4 phantoms
  24 wolves
  7 crocodiles
  A big kobold (shapeshifter) (Elf:3)
  A big kobold (D:11)
  A gnoll sergeant (Orc:1)
  The ghost of Nuatha the Sneak, an amateur SpAs (D:3)
  14 bullfrogs
  A wyvern zombie (D:6)
  An earth elemental (Elf:1)
  Dowan (D:4)
  2 scorpions
  6 killer bees
  5 wights (D:14)
  2 electric eels (D:10)
  3 howler monkeys (D:12)
  9 crimson imps
  2 bullfrog zombies
  4 centaur zombies
  14 orc priests
  A hound (D:7)
  2 quasits (D:7)
  A hound (shapeshifter) (D:15)
  4 jellies
  4 bullfrog skeletons
  2 iron imps (Hell)
  3 iguanas
  19 orc wizards
  5 hell rats (Hell)
  9 worker ants
  A hound zombie (D:10)
  The ghost of Amnesiac the Sneak, a weakling VSAs (D:4)
  Robin (D:4)
  A worker ant zombie (D:5)
  10 gnolls
  11 adders
  3 shadow imps
  3 white imps
  An adder zombie (D:5)
  2 adder skeletons (D:9)
  2 worms
  5 leopard geckos
  69 orcs
  5 giant cockroaches
  10 hobgoblins
  8 jackals
  3 quokkas
  A ball python (D:2)
  A bat (D:1)
  3 frilled lizards
  15 goblins
  2 jackal zombies
  10 kobolds
  A leopard gecko skeleton (D:4)
  3 rats
  2 rat zombies (D:4)
  3 tentacles (Hell)
1084 creatures vanquished.

Vanquished Creatures (others)
  A stone giant (Depths:2)
  A merfolk javelineer (Depths:3)
  34 dancing weapons
  A hell hog (Hell)
  A yaktaur (Depths:3)
  A flying skull (Coc:7)
  A boggart (Depths:4)
  9 plants (D:10)
  2 tentacles (Hell)
51 creatures vanquished.

Grand Total: 1135 creatures vanquished

Notes
Turn   | Place    | Note
-------+----------+-------------------------------------------
     0 | D:1      | Amnesiac the Vine Stalker Assassin began the quest for the Orb.
     0 | D:1      | Reached XP level 1. HP: 11/11 MP: 2/2
    79 | D:1      | Reached skill level 5 in Stealth
    79 | D:1      | Reached XP level 2. HP: 8/15 MP: 1/3
   470 | D:2      | Reached XP level 3. HP: 17/18 MP: 4/4
   491 | D:2      | Reached skill level 1 in Dodging
   607 | D:4      | Reached skill level 6 in Stealth
   607 | D:4      | Gained mutation: Your natural rate of healing is unusually fast. [Vine Stalker growth]
   607 | D:4      | Reached XP level 4. HP: 23/23 MP: 5/5
   633 | D:4      | Reached skill level 1 in Shields
   649 | D:4      | You fall through a shaft for 2 floors!
   650 | D:6      | Noticed a hippogriff
   662 | D:6      | Killed a hippogriff
   662 | D:6      | Reached XP level 5. HP: 26/26 MP: 6/6
   662 | D:6      | Reached XP level 6. HP: 30/30 MP: 7/7
   698 | D:6      | Reached skill level 7 in Stealth
   742 | D:6      | Noticed a phantom
   785 | D:6      | Killed a phantom
   910 | D:6      | Noticed a phantom
   919 | D:6      | Killed a phantom
   919 | D:6      | Reached skill level 8 in Stealth
   919 | D:6      | Reached XP level 7. HP: 32/35 MP: 8/8
   930 | D:6      | Found a burning altar of Makhleb.
   930 | D:6      | Found a bloodstained altar of Trog.
   978 | D:6      | Reached skill level 9 in Stealth
  1047 | D:5      | Entered Level 5 of the Dungeon
  1059 | D:4      | Noticed Pikel
  1182 | D:5      | Killed Pikel
  1182 | D:5      | Gained mutation: You have razor-sharp teeth. [Vine Stalker growth]
  1182 | D:5      | Reached XP level 8. HP: 36/39 MP: 7/9
  1204 | D:4      | Noticed Amnesiac's ghost (weakling VSAs)
  1219 | D:4      | Killed Amnesiac's ghost
  1695 | D:4      | Noticed Dowan
  1696 | D:4      | Noticed Duvessa
  1717 | D:3      | Noticed Nuatha's ghost (amateur SpAs)
  1742 | D:3      | Killed Nuatha's ghost
  1833 | D:4      | Reached skill level 10 in Stealth
  1980 | D:4      | Noticed Robin
  1992 | D:4      | Killed Robin
  2005 | D:4      | Killed Duvessa
  2031 | D:4      | Killed Dowan
  2031 | D:4      | Reached skill level 5 in Short Blades
  2112 | D:4      | Reached XP level 9. HP: 37/42 MP: 8/10
  2234 | D:5      | You fall through a shaft for 3 floors!
  2566 | D:7      | HP: 2/42 [poisoned by a water moccasin]
  2597 | D:7      | Noticed a manticore
  3256 | D:6      | Found a staircase to the Ecumenical Temple.
  3261 | Temple   | Entered the Ecumenical Temple
  3367 | Temple   | Became a worshipper of Gozag Ym Sagoz the Greedy
  3751 | D:1      | You fall through a shaft!
  5650 | D:5      | Noticed Prince Ribbit
  5690 | D:5      | Killed Prince Ribbit
  6097 | D:7      | Killed a manticore
  6097 | D:7      | Reached XP level 10. HP: 22/46 MP: 5/11
  6107 | D:7      | Reached skill level 5 in Dodging
  6529 | D:7      | Noticed Menkaure
  6547 | D:7      | Killed Menkaure
  6735 | D:7      | Learned a level 3 spell: Dazzling Spray
  7394 | D:9      | Noticed Nuatha's ghost (novice VSAs)
  7436 | D:9      | Killed Nuatha's ghost
  7436 | D:9      | Reached skill level 11 in Stealth
  7589 | D:9      | Found a shattered altar of Ashenzari.
  7591 | D:9      | Noticed Joseph
  7640 | D:9      | Killed Joseph
  7802 | D:9      | Reached skill level 12 in Stealth
  7937 | D:9      | Noticed Erolcha
  7939 | D:9      | Killed Erolcha
  7939 | D:9      | Reached XP level 11. HP: 50/50 MP: 12/12
  8021 | D:9      | Reached skill level 13 in Stealth
  8329 | D:10     | Entered Level 10 of the Dungeon
  8474 | D:11     | Reached skill level 14 in Stealth
  8538 | D:11     | Noticed Josephine
  8651 | D:11     | Noticed a hill giant
  8655 | D:11     | Killed a hill giant
  8655 | D:11     | Reached skill level 15 in Stealth
  8927 | D:10     | Found a staircase to the Lair.
  8966 | D:10     | Noticed Harold
  9102 | D:10     | Reached skill level 16 in Stealth
  9292 | D:10     | Killed Harold
  9452 | D:10     | Gained mutation: You heal very quickly. [Vine Stalker growth]
  9452 | D:10     | Reached XP level 12. HP: 52/54 MP: 13/13
  9719 | D:10     | You fall through a shaft for 3 floors!
  9789 | D:13     | Reached skill level 17 in Stealth
  9840 | D:12     | Got a crude leather armour
  9884 | D:11     | Learned a level 3 spell: Mephitic Cloud
  9888 | D:11     | Learned a level 3 spell: Conjure Flame
  9971 | D:11     | Killed Josephine
 10066 | D:11     | Noticed Psyche
 10085 | D:11     | Killed Psyche
 10150 | D:11     | Noticed Sonja
 10218 | D:11     | Reached skill level 18 in Stealth
 10269 | D:11     | Killed Sonja
 10471 | D:11     | Noticed Snorg
 10517 | D:11     | Killed Snorg
 10590 | D:11     | Noticed a five-headed hydra
 10623 | D:11     | Killed a five-headed hydra
 10800 | D:12     | Found a staircase to the Orcish Mines.
 10801 | D:12     | Found a roughly hewn altar of Beogh.
 11189 | D:12     | Reached skill level 10 in Short Blades
 11218 | D:12     | Reached XP level 13. HP: 46/63 MP: 14/14
 11297 | D:12     | Noticed benitares's ghost (journeyman FoFi)
 11728 | D:11     | Reached skill level 5 in Fighting
 12033 | D:12     | Identified the +0 leather armour of Reason {rN+ rCorr Int+4} (You found it on level 12 of the Dungeon)
 13304 | Lair:1   | Entered Level 1 of the Lair of Beasts
 13440 | Lair:1   | Gained mutation: You are resistant to hostile enchantments. (MR+) [potion of beneficial mutation]
 13479 | Lair:1   | Learned a level 2 spell: Repel Missiles
 13546 | Lair:1   | Bought 2 needles of confusion for 14 gold pieces
 13548 | Lair:1   | Bought a crystal dagger for 224 gold pieces
 13548 | Lair:1   | Bought a runed dagger for 64 gold pieces
 13550 | Lair:1   | Identified the +6 dagger of a Spat {pierce, rElec rF- rN++ Dex-4} (You bought it in a shop on level 1 of the Lair of Beasts)
 13918 | Lair:1   | Learned a level 2 spell: Swiftness
 14210 | Lair:2   | Found a staircase to the Swamp.
 14297 | Lair:2   | Reached skill level 5 in Spellcasting
 14604 | Lair:2   | Identified a scroll of acquirement
 14640 | Lair:2   | Found a hole to the Spider Nest.
 14743 | Lair:2   | Noticed Nergalle
 14771 | Lair:2   | Killed Nergalle
 15015 | Lair:3   | Noticed Urug
 15042 | Lair:3   | Killed Urug
 15116 | Lair:3   | Noticed Fannar
 15156 | Lair:3   | Killed Fannar
 15347 | Lair:3   | Reached skill level 1 in Conjurations
 16124 | Lair:4   | Reached skill level 1 in Air Magic
 16243 | Lair:4   | Reached XP level 14. HP: 70/70 MP: 27/27
 16292 | Lair:4   | Reached skill level 1 in Charms
 16809 | Lair:5   | Found a runed door.
 16809 | Lair:5   | Found a viscous altar of Jiyva.
 16809 | Lair:5   | Found a staircase to the Slime Pits.
 16809 | Lair:5   | Noticed an acid blob
 16809 | Lair:5   | Noticed an acid blob
 16815 | Lair:5   | Killed an acid blob
 16815 | Lair:5   | Reached skill level 5 in Conjurations
 16816 | Lair:5   | Killed an acid blob
 17253 | Lair:6   | Entered Level 6 of the Lair of Beasts
 18184 | Lair:6   | Reached skill level 5 in Air Magic
 18972 | D:13     | Reached skill level 5 in Charms
 19617 | Orc:1    | Entered Level 1 of the Orcish Mines
 19819 | Orc:2    | Entered Level 2 of the Orcish Mines
 19825 | Orc:2    | Found Xacloow's General Store.
 19845 | Orc:2    | Found Rician's Antique Weapon Emporium.
 19847 | Orc:2    | Noticed a stone giant
 19881 | Orc:1    | Found a burning altar of Makhleb.
 19917 | Orc:1    | Found a bloodstained altar of Trog.
 20170 | Orc:2    | Killed a stone giant
 20170 | Orc:2    | Reached XP level 15. HP: 78/78 MP: 28/28
 20282 | Orc:2    | Found a staircase to the Elven Halls.
 20418 | Orc:2    | Found Emeaziq's Jewellery Boutique.
 20550 | Orc:2    | Found Qiroshras's Antique Armour Emporium.
 20601 | Orc:2    | Bought a runed helmet for 139 gold pieces
 20601 | Orc:2    | Bought a pair of embroidered boots for 139 gold pieces
 20621 | Orc:2    | Identified a +0 pair of boots of running (You bought it in a shop on level 2 of the Orcish Mines)
 20719 | Orc:2    | Found a roughly hewn altar of Beogh.
 20945 | Elf:1    | Entered Level 1 of the Elven Halls
 20970 | Elf:1    | Found a radiant altar of Vehumet.
 21493 | Elf:1    | You fall through a shaft!
 21493 | Elf:2    | Noticed a deep elf blademaster
 21517 | Elf:2    | Killed a deep elf blademaster
 21599 | Elf:2    | Reached skill level 10 in Dodging
 21911 | Elf:2    | Learned a level 1 spell: Summon Butterflies
 21915 | Elf:2    | Learned a level 3 spell: Call Canine Familiar
 21936 | Elf:1    | Noticed a deep elf sorcerer
 21947 | Elf:1    | Killed a deep elf sorcerer
 21947 | Elf:1    | Reached skill level 1 in Summonings
 21991 | Elf:1    | Reached XP level 16. HP: 72/84 MP: 29/29
 22114 | Elf:1    | Reached skill level 5 in Summonings
 22659 | Elf:1    | Reached skill level 19 in Stealth
 23149 | Elf:2    | Found a runed gate.
 23149 | Elf:2    | Found a runed gate.
 23150 | Elf:2    | Found a runed gate.
 23207 | Elf:2    | Reached skill level 20 in Stealth
 23658 | Elf:3    | Entered Level 3 of the Elven Halls
 23673 | Elf:3    | Reached skill level 21 in Stealth
 23712 | Elf:3    | Noticed Aizul
 23760 | Elf:3    | Killed Aizul
 23784 | Elf:3    | Noticed a deep elf blademaster
 24077 | Elf:3    | Reached XP level 17. HP: 87/87 MP: 30/30
 24224 | Elf:3    | Noticed a deep elf master archer
 24259 | Elf:3    | Killed a deep elf master archer
 24321 | Elf:3    | Reached skill level 22 in Stealth
 24482 | Elf:3    | Killed a deep elf blademaster
 24486 | Elf:3    | Identified the +8 dagger of Faxkaoh {pierce, rPois Str+2} (You found it on level 3 of the Elven Halls)
 24563 | Elf:3    | Noticed a deep elf master archer
 24580 | Elf:3    | Killed a deep elf master archer
 25058 | Elf:3    | Reached skill level 23 in Stealth
 25069 | Elf:3    | Bought a crude buckler for 256 gold pieces
 25081 | Elf:3    | Identified the +2 buckler of Life {*Slow rPois MR+ Str+7} (You bought it in a shop on level 3 of the Elven Halls)
 25081 | Elf:3    | Bought a shiny shield for 121 gold pieces
 25111 | Elf:3    | Bought 2 scrolls of enchant armour for 285 gold pieces
 25113 | Elf:3    | Bought the amulet of Haevange {Reflect rN+ MR+ SH+3} for 710 gold pieces
 25860 | Orc:2    | Bought a scroll of enchant armour for 120 gold pieces
 26079 | D:14     | Learned a level 2 spell: Blink
 26213 | D:14     | Found a gate to the Vaults.
 26214 | D:14     | Gained mutation: Your flesh is heat resistant. (rF+) [potion of mutation]
 26214 | D:14     | Gained mutation: You tend to lose your temper in combat. [potion of mutation]
 26309 | D:14     | Reached skill level 10 in Fighting
 26377 | D:14     | Found a shattered altar of Ashenzari.
 26519 | D:14     | Found a shadowy altar of Dithmenos.
 26918 | D:15     | Entered Level 15 of the Dungeon
 27168 | D:15     | Found a sparkling altar of Nemelex Xobeh.
 27911 | D:15     | Found a staircase to the Depths.
 27943 | Depths:1 | Entered Level 1 of the Depths
 27950 | Depths:1 | Found a gateway to Hell.
 27987 | Depths:1 | Reached XP level 18. HP: 95/95 MP: 31/31
 28141 | Depths:1 | Found a gateway to a ziggurat.
 28595 | Depths:1 | Found a runed door.
 28934 | D:7      | Gained mutation: You are partially covered in molten scales. (AC +2) [potion of mutation]
 28934 | D:7      | Lost mutation: You are resistant to hostile enchantments. (MR+) [potion of mutation]
 28934 | D:7      | Gained mutation: You occasionally shout uncontrollably at your foes. [potion of mutation]
 28935 | D:7      | Lost mutation: You tend to lose your temper in combat. [potion of mutation]
 28935 | D:7      | Gained mutation: Your spells are a little harder to cast, but a little more powerful. [potion of mutation]
 29155 | Depths:1 | Reached skill level 1 in Translocations
 29204 | Hell     | Entered the Vestibule of Hell
 29204 | Hell     | Noticed Geryon
 29769 | Depths:2 | Noticed a lich
 29875 | Depths:2 | Reached skill level 5 in Translocations
 29884 | Depths:2 | Noticed a titan
 29913 | Depths:2 | Killed a titan
 30165 | Depths:2 | Noticed a juggernaut
 30253 | Depths:2 | Killed a juggernaut
 30575 | Depths:2 | Reached XP level 19. HP: 40/102 MP: 32/32
 30630 | Depths:2 | Noticed Jorgrun
 30697 | Depths:2 | Killed Jorgrun
 30748 | Depths:2 | Noticed a tentacled monstrosity
 30781 | Depths:2 | Killed a tentacled monstrosity
 30901 | Depths:2 | Identified the amulet "Tofaullol" {RegenMP rPois} (You found it on level 2 of the Depths)
 31012 | Depths:2 | Found a one-way gate leading to the halls of Pandemonium.
 31252 | Depths:2 | Paralysed by a floating eye for 4 turns
 31990 | Depths:3 | Found a flickering gateway to a bazaar.
 32037 | Depths:3 | Reached skill level 15 in Fighting
 32129 | Bazaar   | Entered a bazaar
 32143 | Bazaar   | Found Zuymoh's Gadget Shop.
 32178 | Bazaar   | Found Temikh's Gadget Shop.
 32221 | Bazaar   | Found Gyomol's Distillery.
 32241 | Bazaar   | Found Ucwuci's Distillery.
 32249 | Bazaar   | Bought a potion of mutation for 22 gold pieces
 32249 | Bazaar   | Gained mutation: You are agile. (Dex +2) [potion of mutation]
 32458 | Depths:4 | Found a portal to a secret trove of treasure.
 32464 | Depths:4 | Noticed a golden dragon
 32466 | Depths:4 | Found a runed gate.
 32466 | Depths:4 | Found a runed gate.
 32466 | Depths:4 | Found a runed gate.
 32466 | Depths:4 | Noticed a golden dragon
 32485 | Depths:4 | Found a runed gate.
 32485 | Depths:4 | Found a runed gate.
 32485 | Depths:4 | Found a runed gate.
 32490 | Depths:4 | Noticed a juggernaut
 32622 | Depths:3 | Killed a lich
 32656 | Depths:3 | Found a one-way gate to the infinite horrors of the Abyss.
 32869 | Depths:3 | Found Kauble's Jewellery Emporium.
 32869 | Depths:3 | Found Tubues's Gadget Boutique.
 32870 | Depths:3 | Found Neemmaol's Gadget Boutique.
 32948 | Depths:3 | Reached XP level 20. HP: 114/114 MP: 33/33
 34359 | Hell     | Found a gateway to the freezing wastes of Cocytus.
 34636 | Hell     | Found a gateway to the decaying netherworld of Tartarus.
 34769 | Hell     | Found a gateway to the ashen valley of Gehenna.
 34810 | Hell     | Found a gateway to the Iron City of Dis.
 34881 | Hell     | Killed Geryon
 35067 | Coc:1    | Entered Level 1 of Cocytus
 35279 | Coc:2    | Noticed a bone dragon
 35331 | Coc:2    | Noticed a bone dragon
 35643 | Coc:4    | You fall through a shaft for 2 floors!
 35658 | Coc:7    | Entered Level 7 of Cocytus
 35724 | Coc:7    | Noticed Antaeus
 35726 | Coc:7    | Got an icy rune of Zot
 35730 | Coc:7    | Noticed the Serpent of Hell
 35730 | Coc:7    | HP: 2/120 [the Serpent of Hell (19)]
 35733 | Coc:7    | Reached XP level 21. HP: 6/124 MP: 1/34
 36066 | Coc:7    | Annihilated by an Ice Fiend

Vault maps used:
D:1:      tarquinn_simple_flora_water_f
D:2:      first_bread, grunt_ministairs_9, kennysheep_minor_cross
D:4:      enter_ossuary_4, uniq_robin, uniq_pikel, uniq_duvessa
D:5:      cheibrodos_iron_armory, uniq_prince_ribbit1
D:6:      gammafunk_temple_overflow_elements, minmay_misc_feat_more_columns
D:7:      cheibrodos_quashed, grunt_livestock, uniq_menkaure
D:9:      lemuel_doored_altar, uniq_erolcha, uniq_joseph
D:10:     lair_0_dummy, bh_chokoban, serial_bayou_lake_a, uniq_harold
D:11:     uniq_josephine, uniq_psyche, uniq_snorg, uniq_sonja
D:12:     david_orc_5, kennysheep_generic_room_11
D:14:     erik_vaults_2, basic_altar, solitary_fountain, ashenzari_altar_1
D:15:     gammafunk_enter_depths_forms, basic_altar
Temple:   compressed_dpeg_circular_temple
Lair:1:   grunt_megastairs_5
Lair:2:   minmay_swamp_entry_worms, spider_nest_entry_a, uniq_nergalle
Lair:3:   lemuel_fruit_tree, uniq_fannar, uniq_urug
Lair:4:   serial_forest, infiniplex_forest_clump_small,
          infiniplex_forest_zigzag_1, infiniplex_forest_clump_tiny,
          infiniplex_forest_straight_2, infiniplex_forest_clump_diagonal,
          infiniplex_forest_straight_5
Lair:5:   slime_altar_2
Lair:6:   minmay_lair_end_enchanted_forest, nicolae_lair_grove_arrangements
Orc:1:    basic_altar, bloody_trog
Orc:2:    grunt_orc_gardens, grunt_orc_garden, grunt_orc_garden,
          grunt_orc_garden, grunt_orc_garden, basic_altar
Elf:1:    eino_elf_arrival_altar, hangedman_corner_corridor
Elf:2:    hex_medium
Elf:3:    grunt_elf_hall_spiral, roderic_nine_men_s_morris, uniq_aizul
Depths:1: enter_ziggurat_f, hell_entry, minmay_door_square, minmay_crystal_box
Depths:2: kennysheep_snake, hell_entry, pan_entry, fountainhead, uniq_jorgrun
Depths:3: minmay_haunted_quarter, serial_shops, bzr_entry_dummy,
          pf_vacation_house_of_asmodeus, abyss_entry,
          serial_sigils_hangedman_clutch, pan_entry,
          infiniplex_staircase_pool_2, minmay_shop_grove
Depths:4: kennysheep_treasure_stockpile, abyss_entry_small_statue_room,
          enter_trove_6, cheibriados_altar_1, hell_entry, hangedman_decor_lopped
Coc:2:    serial_ice, serial_ice_a
Coc:7:    coc_grunt_cove
Bazaar:   dpeg_bazaar_wands

Skill      XL: |  1  2  3  4  5  6  7  8  9 10 11 12 13 14 15 16 17 18 19 20 |
---------------+-------------------------------------------------------------+-----
Stealth        | 5 6 8 9 10 12 16 18 21 23 | 23.0
Throwing       | 2 4 |  4.0
Short Blades   | 2 4 5 8 10 | 10.0
Fighting       | 2 4 6 8 9 10 12 15 18 | 18.8
Dodging        | 1 4 7 11 12 | 12.6
Shields        | 3 4 |  4.3
Spellcasting   | 8 |  8.0
Conjurations   | 4 8 |  8.0
Air Magic      | 2 5 |  5.1
Charms         | 5 |  5.0
Summonings     | 3 5 |  5.0
Translocations | 6 |  6.6

Action                   |  1- 3 |  4- 6 |  7- 9 | 10-12 | 13-15 | 16-18 | 19-21 || total
-------------------------+-------+-------+-------+-------+-------+-------+-------++-------
Melee: Dagger            |    46 |    50 |   508 |  1149 |   458 |       |       ||  2211
       Bite              |     6 |    15 |   151 |   484 |   729 |  1010 |  1295 ||  3690
       Quick blade       |       |       |       |       |  1283 |  1982 |  1872 ||  5137
 Fire: Blowgun           |     6 |     6 |     2 |     4 |     3 |     8 |       ||    29
Throw: Javelin           |     1 |    13 |    18 |     1 |       |       |     1 ||    34
       Throwing net      |       |       |       |       |     4 |       |     1 ||     5
 Cast: Repel Missiles    |       |       |       |       |     2 |     9 |     5 ||    16
       Conjure Flame     |       |       |       |       |     5 |       |       ||     5
       Blink             |       |       |       |       |       |     2 |    12 ||    14
Invok: Potion Petition   |       |       |     1 |     1 |       |       |     3 ||     5
       Call Merchant     |       |       |       |       |     2 |     4 |       ||     6
 Abil: Evoke Flight      |       |       |       |       |       |       |     5 ||     5
       Stop Flying       |       |       |       |       |       |       |     1 ||     1
Evoke: Wand              |       |       |     1 |    15 |     2 |     2 |     2 ||    22
  Use: Potion            |       |       |     5 |     1 |     1 |     3 |     5 ||    15
       Scroll            |       |       |     1 |    15 |    20 |    15 |    11 ||    62
 Stab: Sleeping          |     7 |     1 |    22 |    39 |    59 |    52 |    42 ||   222
       Invisible         |       |       |     2 |     3 |       |       |       ||     5
       Distracted        |       |       |     5 |     9 |    13 |    12 |    28 ||    67
       Confused          |       |       |       |     3 |     3 |       |       ||     6
       Paralysed         |       |       |       |     2 |     1 |       |       ||     3
       Petrifying        |       |       |       |     1 |     1 |       |       ||     2
       Held in net/web   |       |       |       |       |     3 |       |     1 ||     4
  Eat: Chunk             |       |       |     9 |       |       |       |       ||     9
       Bread ration      |       |       |     1 |     1 |       |       |     1 ||     3
       Meat ration       |       |       |     1 |     3 |     4 |     1 |     1 ||    10
       Beef jerky        |       |       |       |     2 |     3 |     3 |     1 ||     9
       Pizza             |       |       |       |     1 |     6 |     5 |     1 ||    13
       Royal jelly       |       |       |       |       |     1 |     1 |       ||     2
       Fruit             |       |       |       |       |       |     8 |     7 ||    15
Armor: Robe              |    24 |     6 |    58 |    18 |       |       |       ||   106
       Troll leather arm |       |       |       |    64 |   118 |   153 |   227 ||   562
Dodge: Dodged            |    34 |    29 |   176 |   448 |   410 |   496 |   814 ||  2407
       Deflected         |       |       |       |       |     7 |    24 |    12 ||    43
Block: Buckler           |       |     7 |    67 |   169 |   211 |   315 |   525 ||  1294
       Reflection        |       |       |       |       |       |     8 |    14 ||    22
